Map: Eastwatch LE

Players

fruitcake - Winner!

  • Race: Protoss Protoss
  • Spawn Location: 1:00

A.I. 1 (Very Hard)

  • Race: Protoss Protoss
  • Spawn Location: 7:00

VOD

Have the link to the VOD?

Description

Time

  • Played on: May 5, 2018, 4:17 p.m.
  • Length: 12:12
Show
View Real Time Build Order
Export as new Build Order

fruitcake Protoss - Winner!

Build Orders:  

Get SALT Encoding   

  1  0:00  Probe  
  13  0:13  Probe  
  13  0:15  Pylon  
  14  0:33  Gateway  
  14  0:37  Probe  
  15  0:44  Assimilator  
  15  0:49  Probe  
  16  1:01  Probe  
  17  1:11  Zealot  
  17  1:13  Probe  
  20  1:31  Forge  
  20  1:32  Probe  
  21  1:37  Zealot  
  21  1:38  Assimilator  
  23  2:00  Pylon  
  23  2:06  Cybernetics Core  
  23  2:18  Probe  
  23  2:20  Nexus  
  24  2:30  Probe  
  24  2:34  Pylon  
  25  2:37  Zealot  
  25  2:42  Probe  
  28  2:45  Warp Gate  
  28  2:59  Gateway  
  28  3:01  Protoss Ground Weapons Level 1  
  28  3:07  Probe  
  29  3:15  Stalker  
  31  3:28  Probe  
  31  3:32  Probe  
  33  3:36  Probe  
  34  3:45  Stalker  
  34  3:46  Pylon, Probe  
  36  3:50  Pylon, Stalker  
  39  4:08  Probe  
  40  4:10  Robotics Facility, Probe  
  40  4:17  Stalker  
  43  4:20  Probe  
  43  4:22  Probe  
  45  4:31  Assimilator  
  45  4:33  Assimilator  
  45  4:34  Probe  
  46  4:53  Gateway  
  46  4:56  Gateway  
  46  4:58  Adept  
  48  5:02  Adept  
  50  5:07  Protoss Shields Level 1  
  50  5:10  Immortal  
  54  5:22  Stalker x2  
  54  5:23  Probe  
  59  5:31  Probe  
  59  5:32  Probe  
  61  5:40  Immortal  
  61  5:41  Probe  
  61  5:44  Probe  
  67  5:55  Adept  
  69  6:04  Pylon  
  69  6:10  Pylon  
  69  6:17  Probe  
  70  6:22  Immortal  
  76  6:29  Probe  
  75  6:50  Stalker x2, Stargate  
  79  6:58  Pylon  
  79  7:00  Pylon  
  79  7:01  Pylon  
  79  7:15  Stalker x3  
  85  7:16  Stalker  
  87  7:27  Pylon  
  87  7:29  Pylon  
  87  7:30  Pylon  
  87  7:31  Pylon  
  87  7:37  Immortal  
  91  7:47  Void Ray  
  95  8:10  Stalker  
  95  8:11  Stalker, Nexus  
  99  8:13  Stalker  
  99  8:16  Immortal  
  99  8:18  Protoss Ground Armor Level 1  
  105  8:35  Twilight Council  
  105  8:38  Pylon  
  105  8:42  Pylon, Stalker  
  105  8:46  Stalker  
  105  8:47  Pylon  
  109  9:11  Probe  
  109  9:12  Probe  
  111  9:23  Probe  
  111  9:24  Probe  
  113  9:25  Probe  
  113  9:31  Pylon  
  114  9:33  Void Ray  
  114  9:35  Pylon  
  114  9:36  Probe x2  
  120  9:40  Assimilator  
  120  9:42  Pylon  
  120  9:45  Assimilator  
  120  9:51  Zealot  
  120  9:52  Zealot x2  
  126  10:05  Immortal  
  116  10:16  Void Ray  
  116  10:17  Stalker  
  116  10:19  Stalker x3  
  116  10:44  Immortal  
  120  10:50  Stalker  
  120  10:51  Stalker x2  
  120  10:52  Stalker  
  124  11:23  Immortal  
  126  11:39  Stalker x3  
  132  11:40  Stalker  
  132  11:45  Probe  
  135  11:49  Probe x2  
  137  11:57  Probe  
  137  11:59  Gateway  
  138  12:06  Gateway  
  138  12:08  Gateway  
  138  12:09  Gateway  
Show
View Real Time Build Order
Export as new Build Order

A.I. 1 (Very Hard) Protoss 

Build Orders: Mass Adepts, Zealot Archon 

Get SALT Encoding   

  12  0:00  Probe  
  13  0:13  Probe  
  14  0:19  Pylon  
  14  0:25  Probe  
  15  0:34  Probe  
  15  0:41  Gateway  
  15  0:42  Probe  
  16  0:47  Assimilator  
  17  0:51  Probe  
  18  0:59  Probe  
  18  1:01  Pylon  
  19  1:07  Probe  
  20  1:18  Probe  
  21  1:30  Zealot  
  21  1:32  Cybernetics Core  
  23  1:41  Gateway, Probe  
  24  1:51  Pylon, Zealot  
  24  1:53  Probe  
  27  2:05  Probe  
  28  2:09  Warp Gate  
  28  2:16  Adept  
  28  2:18  Probe  
  31  2:28  Adept  
  33  2:31  Gateway  
  33  2:40  Gateway  
  33  2:42  Adept  
  35  2:55  Adept  
  35  2:58  Probe  
  38  2:59  Pylon  
  38  3:12  Adept  
  38  3:18  Adept  
  42  3:22  Adept  
  42  3:26  Pylon  
  44  3:27  Adept  
  46  3:36  Probe  
  47  3:43  Adept  
  47  3:45  Adept  
  51  3:49  Stalker  
  51  3:54  Stalker  
  55  4:00  Pylon  
  55  4:04  Assimilator  
  55  4:18  Stalker  
  55  4:20  Stalker  
  59  4:27  Zealot  
  61  4:32  Zealot  
  63  4:38  Pylon  
  63  4:46  Robotics Facility  
  63  4:56  Adept x2  
  67  5:01  Adept  
  69  5:07  Adept  
  71  5:15  Pylon  
  71  5:21  Pylon  
  71  5:33  Immortal  
  75  5:40  Stalker  
  77  5:50  Twilight Council  
  77  6:07  Pylon  
  77  6:31  Templar Archives  
  77  6:44  Nexus  
  77  7:07  High Templar  
  79  7:19  High Templar  
  81  7:25  Archon  
  81  7:39  Pylon  
  81  7:47  High Templar  
  81  7:51  Forge  
  83  7:57  Probe x2  
  85  8:03  Assimilator  
  85  8:04  Assimilator  
  85  8:09  Probe  
  85  8:10  Probe  
  87  8:17  High Templar  
  87  8:18  Probe  
  89  8:21  Probe  
  89  8:26  Probe  
  91  8:32  Sentry  
  91  8:33  Probe  
  95  8:34  Archon  
  95  8:36  Probe  
  96  8:45  Probe  
  96  8:46  High Templar  
  99  8:48  Probe  
  99  8:53  Probe  
  99  8:55  Forge  
  100  9:00  High Templar, Probe  
  100  9:01  Probe  
  104  9:02  Pylon  
  104  9:07  Observer  
  106  9:11  Stalker, Probe  
  106  9:12  Probe  
  106  9:16  Stalker  
  112  9:17  Archon  
  112  9:23  Probe  
  113  9:24  Pylon  
  113  9:30  High Templar  
  113  9:31  Photon Cannon  
  115  9:36  Pylon  
  115  9:40  Gateway  
  115  9:45  High Templar  
  117  9:51  Archon  
  117  9:57  Photon Cannon  
  117  9:58  High Templar  
  119  10:00  Photon Cannon  
  119  10:04  Zealot x2  
  117  10:10  Pylon  
  99  10:17  High Templar, Zealot  
  73  10:24  Zealot  
  65  10:30  Zealot  
  65  10:34  Adept, Stalker  
  59  10:44  Zealot  
  59  10:48  Zealot  
  59  10:49  Adept  
  63  10:50  Zealot  
  65  10:57  Zealot  
  65  11:03  Stalker  
  67  11:08  High Templar  
  67  11:09  Zealot  
  67  11:10  Stalker  
  58  11:17  Stalker  
  57  11:18  Zealot  
  53  11:27  Pylon  
  53  11:29  Probe, Sentry  
  53  11:31  Probe  
  43  11:33  Zealot  
  43  11:35  High Templar  
  28  11:48  Probe  
  28  11:52  Zealot  
  26  12:00  High Templar  
Tags
 
Add a new tag
Caveats
  • Supply blocks, unpowered buildings, or Contaminate may cause inaccurate times.
  • Supply counts are checked every 10 seconds.